 Dungeon Crawl Stone Soup version 0.17-a0-1778-gd369669 (webtiles) character file.

513 ololoev the Poker (level 7, 55/55 HPs)
             Began as a Purple Draconian Skald on Sept 8, 2015.
             Starved to death
             ... in a sewer.
             The game lasted 00:09:08 (3982 turns).

ololoev the Poker (Purple Draconian Skald)          Turns: 3982, Time: 00:09:08

Health: 55/55      AC:  9    Str: 14    XL:     7   Next: 0%
Magic:  19/19      EV: 12    Int: 12    God:
Gold:   127        SH:  5    Dex: 13    Spells: 2 memorised, 7 levels left

rFire  . . .     SeeInvis .     a - +1 spear
rCold  . . .     Clarity  .     (armour unavailable)
rNeg   . . .     SustAt   .     e - +0 buckler
rPois  .         Gourm    .     (helmet restricted)
rElec  .         Spirit   .     (no cloak)
rCorr  .         Warding  .     (no gloves)
rMut   .         Stasis   .     f - +2 pair of boots
MR     +....                    (no amulet)
Stlth  +.........               (no ring)
                                i - ring of magical power

@: fainting, somewhat resistant to hostile enchantments, very unstealthy
A: breathe power, unfitting armour, cold-blooded, AC +6
a: Breathe Dispelling Energy


Innate Abilities, Weirdness & Mutations

You can breathe bolts of dispelling energy.
Your rich purple scales are hard (AC +6).
Your body does not fit into most forms of armour.
You are cold-blooded and may be slowed by cold attacks.

Inventory:

Hand weapons
 a - a +1 spear (weapon)
Armour
 e - a +0 buckler (worn)
 f - a +2 pair of boots (worn)
Jewellery
 i - a ring of magical power (left hand)
Potions
 h - a potion of agility
 m - a potion of curing
Books
 b - a book of Battle

   Spells                             Type                      Level
   a - Infusion                       Charms                       1
   b - Shroud of Golubria             Charms/Translocation         2
   c - Song of Slaying                Charms                       2
   d - Spectral Weapon                Hexes/Charms                 3
   e - Regeneration                   Charms/Necromancy            3
Comestibles
 c - 2 bread rations
 j - a meat ration
 p - a beef jerky


   Skills:
 - Level 2.1 Fighting
 + Level 5.8 Polearms
 - Level 1.3 Dodging
 - Level 4.6 Shields
 - Level 2.4 Spellcasting
 - Level 3.2 Charms


You had 7 spell levels left. You knew the following spells: Your Spells Type Power Failure Level Hunger a - Infusion Chrm #..... 10% 1 ##..... b - Song of Slaying Chrm #....... 12% 2 ###.... You were in a sewer. You were fainting. You visited 1 branch of the dungeon, and saw 3 of its levels. You also visited: Sewer. You collected 127 gold pieces. .≈.÷≈≈≈≈≈≈.# ≈÷≈≈≈≈.≈≈≈≈# ########≈.≈# ÷.≈≈≈≈≈÷.≈≈#### ≈#####≈≈≈..#.≈## ≈#≈∩≈#######≈≈.#### ##≈≈≈≈≈...#≈≈≈≈≈≈.## ≈≈≈≈.≈≈..≈##.≈#.≈≈≈## ≈≈#######.≈#.≈##@≈.≈# ###≈≈.≈.#≈≈##≈.##≈≈≈## #≈≈.≈≈≈≈≈.≈≈#≈≈≈#≈.≈≈# ≈≈≈≈.≈≈≈..≈≈#≈≈≈##≈≈≈## ≈≈≈.≈.≈(≈.≈≈#≈≈.≈#≈≈≈.# ≈≈≈≈≈.....≈≈#≈≈≈≈#≈≈.∩# ≈≈.≈.....≈≈≈#≈≈≈≈#≈.≈.# ≈≈≈≈.≈...≈≈##≈≈≈##..≈## #≈≈≈≈≈≈≈≈≈##≈≈≈≈#≈≈.≈#

Notes
Turn   | Place    | Note
--------------------------------------------------------------
     0 | D:1      | ololoev the Draconian Skald began the quest for the Orb.
     0 | D:1      | Reached XP level 1. HP: 17/17 MP: 3/3
   210 | D:1      | Reached XP level 2. HP: 21/24 MP: 5/5
   214 | D:1      | Learned a level 2 spell: Song of Slaying
   286 | D:1      | Reached skill level 1 in Shields
   570 | D:1      | Reached XP level 3. HP: 24/29 MP: 6/6
  1241 | D:2      | Reached skill level 3 in Polearms
  1554 | D:2      | Reached XP level 4. HP: 32/36 MP: 7/7
  1957 | D:3      | Found a glowing drain.
  1965 | Sewer    | Entered a sewer
  2113 | Sewer    | Reached skill level 4 in Polearms
  2113 | Sewer    | Reached XP level 5. HP: 35/41 MP: 8/8
  2432 | Sewer    | Noticed Alipheese's ghost (average NaGl)
  2454 | Sewer    | Killed Alipheese's ghost
  2454 | Sewer    | Reached skill level 5 in Polearms
  2454 | Sewer    | Reached XP level 6. HP: 14/48 MP: 9/9
  2667 | Sewer    | Noticed a giant frog
  2675 | Sewer    | Killed a giant frog
  2683 | Sewer    | Your scales start taking on a rich purple colour.
  2683 | Sewer    | Reached XP level 7. HP: 30/55 MP: 10/10
  3982 | Sewer    | Starved to death

Dungeon Overview and Level Annotations

Branches:
Dungeon (3/15)

Altars:


Message History

Moving in this stuff is going to be slow.
You enter the shallow water.
Moving in this stuff is going to be slow.
You lose consciousness!
You feel a little less agile now.
You can move again.
Drink which item? (? for menu, Esc to quit)
You have no ailments to cure.
Drink which item? (? for menu, Esc to quit)
Okay, then.
You enter the shallow water.
Moving in this stuff is going to be slow.
You enter the shallow water.
Moving in this stuff is going to be slow.
You enter the shallow water.
Moving in this stuff is going to be slow.
You enter the shallow water.
Moving in this stuff is going to be slow.
You lose consciousness!
You can move again.
You enter the shallow water.
Moving in this stuff is going to be slow.
You enter the shallow water.
Moving in this stuff is going to be slow.
You lose consciousness!
You can move again.
You enter the shallow water.
Moving in this stuff is going to be slow.
You enter the shallow water.
Moving in this stuff is going to be slow.
You lose consciousness!
You can move again.
You enter the shallow water.
Moving in this stuff is going to be slow.
You enter the shallow water.
Moving in this stuff is going to be slow.
You enter the shallow water.
Moving in this stuff is going to be slow.
You have starved to death.
You die...

There were no monsters in sight!

Vanquished Creatures
  The ghost of Alipheese the Poker, an average NaGl (Sewer)
  A giant frog (Sewer)
  6 adders
  15 oozes
  10 giant geckos
  4 orcs (D:3)
  8 ball pythons (Sewer)
  13 giant cockroaches
  7 goblins
  2 hobgoblins
  8 bats
  20 giant newts
  3 jackals (D:3)
  12 kobolds
  2 quokkas (D:2)
  7 rats
119 creatures vanquished.

Action                   |  1- 3 |  4- 6 |  7- 9 || total
-------------------------+-------+-------+-------++-------
Melee: Spear             |   167 |   257 |     1 ||   425
 Cast: Infusion          |     2 |     3 |       ||     5
       Song of Slaying   |       |     6 |       ||     6
  Use: Scroll            |       |     3 |     3 ||     6
       Potion            |       |     3 |     4 ||     7
 Stab: Sleeping          |     1 |       |       ||     1
  Eat: Chunk             |     2 |     6 |     1 ||     9

Vault maps used:
D:1:      dpeg_arrival_water_fire, st_stairs_1, kennysheep_another_room
D:2:      minmay_misc_feat_chi
D:3:      lightli_sewer_entry_pipes
Sewer:    sewer_frog_island_02
